 Dungeon Crawl Stone Soup version 0.24.0-2-g5b39cebb1c (webtiles) character file.

Game seed: 16457321563815645204, levelgen mode: deterministic

956 Lanoc the Frost Mage (level 8, -2/46 HPs)
             Began as an Octopode Ice Elementalist on Oct 30, 2019.
             Was a Believer of Cheibriados.
             Slain by an ogre
             ... wielding a +0 giant spiked club
              (32 damage)
             ... on level 6 of the Dungeon.
             The game lasted 00:11:31 (4646 turns).

Lanoc the Frost Mage (Octopode Ice Elementalist)    Turns: 4646, Time: 00:11:32

Health: -2/46      AC:  1    Str: 13    XL:     8   Next: 14%
Magic:  9/11       EV: 17    Int: 26    God:    Cheibriados [**....]
Gold:   167        SH:  0    Dex: 18    Spells: 1/11 levels left

rFire    . . .     SeeInvis .   p - +7 quarterstaff (crush)
rCold    . . .     Gourm    .   (shield currently unavailable)
rNeg     . . .     Faith    .   (helmet restricted)
rPois    .         Spirit   .   (no amulet)
rElec    .         Reflect  .   m - ring of protection from magic
rCorr    .         Harm     .   (no ring)
MR       +....                  (no ring)
Stlth    +++.......             (no ring)
HPRegen  0.15/turn              (no ring)
MPRegen  0.12/turn              (no ring)
                                (no ring)
                                (no ring)

@: very slow
A: almost no armour, stealthy swim, amphibious, 8 rings, constrict 8, camouflage
1, gelatinous body 1
a: Bend Time, Renounce Religion


You were on level 6 of the Dungeon.
You worshipped Cheibriados.
Cheibriados was pleased with you.
You were not hungry.

You visited 2 branches of the dungeon, and saw 8 of its levels.

You collected 167 gold pieces.

Inventory:

Hand Weapons
 p - a +7 quarterstaff of crushing (weapon)
Missiles
 f - 6 curare-tipped darts (quivered)
Jewellery
 m - a ring of protection from magic (left tentacle)
Wands
 k - a wand of disintegration (17)
 o - a wand of iceblast (15)
Scrolls
 a - a scroll of remove curse
 e - 3 scrolls of identify
 h - a scroll of fog
 j - a scroll of blinking
Potions
 c - a potion of might
 d - a potion of curing
 g - 4 potions of invisibility {unknown}
 i - 2 potions of lignification
 l - a potion of haste {unknown}
 n - a potion of heal wounds
 q - 2 potions of degeneration {unknown}
Comestibles
 b - 6 rations


   Skills:
 + Level 1.2 Staves
 + Level 5.4 Dodging
 - Level 2.6 Stealth
 - Level 2.0 Spellcasting
 - Level 1.0 Conjurations
 * Level 8.0 Ice Magic


You had one spell level left.
You knew the following spells:

 Your Spells              Type           Power        Failure   Level  Hunger
a - Freeze                Ice            ####         1%          1    None
b - Throw Frost           Conj/Ice       ####..       2%          2    ##.....
c - Ozocubu's Armour      Chrm/Ice       ###.....     6%          3    ###....
d - Throw Icicle          Conj/Ice       ####....     16%         4    ####...

Your spell library contained the following spells:

 Spells                   Type           Power        Failure   Level  Hunger
 Summon Ice Beast         Ice/Summ       ###.....     21%         4    ####...


Dungeon Overview and Level Annotations

Branches:
Dungeon (7/15)             Temple (1/1) D:4

Altars:
Ashenzari
Cheibriados
Ru
Vehumet
Xom
Zin

Annotations:
D:5 Eustachio


Innate Abilities, Weirdness & Mutations

You cannot wear most types of armour.
You are very stealthy in the water. (Stealth+)
You are amphibious.
You can wear up to eight rings at the same time.
You can use your tentacles to constrict eight enemies at once.
Your skin changes colour to match your surroundings (Stealth+).
Your rubbery body absorbs attacks. (AC +1, EV +1)


Message History

Confirm with . or Enter, or press ? or * to list all spells.
Aiming: Freeze (safe; 1% risk of failure)
Press: ? - help, Shift-Dir - straight line, f - ogre
Aim: an ogre, wielding a +0 giant spiked club You freeze the ogre!
The ogre is heavily wounded.
You constrict the orc wizard.
The ogre hits you with a +0 giant spiked club!
The orc wizard hits you with a +0 dagger.
Casting: Freeze (safe; 1% risk of failure)
Confirm with . or Enter, or press ? or * to list all spells.
Aiming: Freeze (safe; 1% risk of failure)
Press: ? - help, Shift-Dir - straight line, f/p - ogre
Aim: an ogre, wielding a +0 giant spiked club (heavily wounded)
You freeze the ogre.
The ogre is heavily wounded.
You constrict the orc wizard. The orc wizard barely misses you.
The ogre hits you with a +0 giant spiked club!!
Ouch! That really hurt!
You die...

#### ... .!# #.#
#.#####.## #.
#..oo@O..# #.#
########..# #.#
.......(.# #.#
(........# #.#
###.#....# #.#
######.....#####.###
..................>#
######.######.#.#.#
#..........#.#


You could see an ogre, an orc wizard and an orc.

Vanquished Creatures
  Grinder (D:3)
  An ice beast (D:5)
  A centaur (D:5)
  A wyvern skeleton (D:6)
  A jelly (D:4)
  A hound (D:4)
  3 orc priests
  3 orc wizards
  4 worker ants (D:4)
  A gnoll (D:1)
  8 adders
  An adder skeleton (D:4)
  4 worms
  2 dart slugs (D:3)
  6 leopard geckos
  14 orcs
  4 giant cockroaches
  8 goblins
  11 hobgoblins
  8 jackals
  3 quokkas
  3 ball pythons
  11 bats
  7 frilled lizards
  14 kobolds
  5 rats
126 creatures vanquished.

Notes
Turn   | Place    | Note
-------+----------+-------------------------------------------
     0 | D:1      | Lanoc the Octopode Ice Elementalist began the quest for the
                  | Orb.
     0 | D:1      | Reached XP level 1. HP: 11/11 MP: 3/3
   209 | D:1      | Reached XP level 2. HP: 9/17 MP: 3/5
   674 | D:1      | Reached XP level 3. HP: 12/21 MP: 3/6
   826 | D:1      | Reached skill level 4 in Ice Magic
   896 | D:1      | Learned a level 2 spell: Throw Frost
  1265 | D:2      | Reached XP level 4. HP: 15/27 MP: 4/7
  1638 | D:2      | Learned a level 3 spell: Ozocubu's Armour
  2168 | D:3      | Found a snail-covered altar of Cheibriados.
  2197 | D:3      | Became a worshipper of Cheibriados the Contemplative
  2308 | D:3      | Reached skill level 5 in Ice Magic
  2308 | D:3      | Reached XP level 5. HP: 31/31 MP: 1/8
  2319 | D:3      | Noticed Grinder
  2328 | D:3      | Paralysed by Grinder for 5 turns
  2344 | D:3      | Paralysed by Grinder for 3 turns
  2353 | D:3      | Killed Grinder
  2353 | D:3      | Reached skill level 6 in Ice Magic
  2353 | D:3      | Reached XP level 6. HP: 36/36 MP: 1/9
  2659 | D:3      | Reached * piety under Cheibriados
  2788 | D:3      | Reached XP level 7. HP: 21/41 MP: 4/10
  2891 | D:3      | Found a shattered altar of Ashenzari.
  3089 | D:4      | Found a staircase to the Ecumenical Temple.
  3099 | Temple   | Entered the Ecumenical Temple
  3261 | D:4      | Learned a level 4 spell: Throw Icicle
  3340 | D:4      | Reached ** piety under Cheibriados
  3360 | D:4      | Found a glowing silver altar of Zin.
  3360 | D:4      | Found a sacrificial altar of Ru.
  3414 | D:4      | Reached skill level 7 in Ice Magic
  3851 | D:4      | Reached skill level 5 in Dodging
  4153 | D:5      | Entered Level 5 of the Dungeon
  4158 | D:5      | Noticed Eustachio
  4423 | D:5      | Reached XP level 8. HP: 34/46 MP: 11/11
  4548 | D:5      | You fall into a shaft and drop 2 floors!
  4627 | D:6      | Reached skill level 1 in Staves
  4627 | D:6      | Reached skill level 8 in Ice Magic
  4646 | D:6      | Slain by an ogre

Levels and vault maps discovered:
D:1:      ncdulo_smallfort, layout_basic
D:2:      layout_basic, first_ration
D:3:      layout_basic, cheibriados_altar_1, lemuel_coloured_pillars_altar,
          uniq_grinder
D:4:      layout_gridville, gammafunk_temple_overflow_statue,
          minmay_temple_entry_trees
D:5:      layout_loops_ring, sword_in_stone
D:6:      layout_basic, ebering_ghost_sewer_f, kennysheep_generic_room_14
D:7:      layout_cave_pods, uniq_joseph
Temple:   nicolae_temple_hex_pool

Skill      XL: |  1  2  3  4  5  6  7  8 |
---------------+-------------------------+-----
Ice Magic      | 4 5 6 7 8 |  8.0
Dodging        | 3 4 5 |  5.4
Staves         | 1 |  1.2
Stealth        | |  2.6
Spellcasting   | |  2.0
Conjurations   | |  1.0

Action                   |  1- 3 |  4- 6 |  7- 9 || total
-------------------------+-------+-------+-------++-------
Melee: Unarmed           |    24 |    20 |       ||    44
       Constrict         |     9 |    16 |     8 ||    33
       Tentacles         |     5 |     9 |     6 ||    20
       Quarterstaff      |       |    41 |    47 ||    88
Throw: Dart              |       |     1 |       ||     1
 Cast: Freeze            |    53 |    59 |    35 ||   147
       Throw Frost       |     4 |     3 |     1 ||     8
  Use: Potion            |       |     3 |       ||     3
       Scroll            |       |     2 |     7 ||     9
 Stab: Sleeping          |     1 |     5 |     6 ||    12
  Eat: Chunk             |     1 |     7 |     2 ||    10
Armor: Skin              |     4 |    34 |     7 ||    45
Dodge: Dodged            |    50 |    57 |    55 ||   162
